 Dungeon Crawl Stone Soup version 0.20.1-1-g8b1a95d (webtiles) character file.

12231 troglodite the Protected (level 11, -3/127 HPs)
             Began as a Demonspawn Berserker on Dec 1, 2017.
             Was a High Priest of Trog.
             Slain by a very large slime creature (29 damage)
             ... on level 12 of the Dungeon on Dec 4, 2017.
             The game lasted 00:56:04 (13094 turns).

troglodite the Protected (Demonspawn Berserker)    Turns: 13094, Time: 00:56:05

Health: -3/127     AC: 23    Str: 25    XL:     11   Next: 59%
Magic:  3/3        EV: 10    Int:  8    God:    Trog [*****.]
Gold:   572        SH: 12    Dex: 16    Spells: 10/10 levels left

rFire    + . .     SeeInvis +   Q - +5 rapier (antimagic)
rCold    . . .     Gourm    .   J - +0 shield
rNeg     . . .     Faith    .   z - +0 plate armour
rPois    .         Spirit   .   s - +0 helmet
rElec    .         Reflect  .   n - +0 cloak
rCorr    +         Harm     .   y - +0 pair of gloves
MR       .....                  u - +0 pair of boots
Stlth    ..........             (no amulet)
Regen    0.4/turn               e - +2 ring of strength
MPRegen  0.1/turn               l - ring of see invisible

@: berserking, very quick
A: talons 1, yellow scales 3, fire resistance 1, powered by death 1, flame cloud
immunity
a: Berserk, Trog's Hand, Brothers in Arms, Burn Spellbooks, Renounce Religion


You were on level 12 of the Dungeon.
You worshipped Trog.
Trog was extremely pleased with you.
You were very hungry.

You visited 1 branch of the dungeon, and saw 12 of its levels.
You also visited: Ossuary.

You collected 731 gold pieces.
You spent 159 gold pieces at shops.

Inventory:

Hand Weapons
 a - a +0 falchion
 r - a +2 dagger of freezing
 F - a +3 short sword
 Q - a +5 antimagic rapier (weapon)
Armour
 n - a +0 cloak (worn)
 s - a +0 helmet (worn)
 u - a +0 pair of boots (worn)
 y - a +0 pair of gloves (worn)
 z - a +0 plate armour (worn)
 J - a +0 shield (worn)
Jewellery
 e - a +2 ring of strength (left hand)
 h - an uncursed ring of poison resistance
 l - a ring of see invisible (right hand)
Wands
 b - a wand of iceblast (13/15)
 I - a wand of acid (8/15)
 K - a wand of disintegration (9/24)
 N - a wand of confusion (9/48)
 O - a wand of lightning (7/15)
Scrolls
 d - 4 scrolls of recharging
 g - 9 scrolls of remove curse
 j - 3 scrolls of enchant armour {unknown}
 k - 2 scrolls of blinking {unknown}
 p - a scroll of magic mapping {unknown}
 t - 9 scrolls of teleportation
 D - a scroll of fog
 L - a scroll of acquirement {unknown}
 R - a scroll of identify
 S - a scroll of silence {unknown}
Potions
 i - 2 potions of might
 m - 3 potions of invisibility
 o - a potion of haste
 q - 5 potions of brilliance
 v - 5 potions of curing
 w - 2 potions of mutation
 x - a potion of flight {unknown}
 A - 3 potions of lignification
 B - a potion of berserk rage
 C - a potion of ambrosia
 E - a potion of magic
 G - 2 potions of heal wounds
 H - a potion of cancellation {unknown}
 P - a potion of experience {unknown}
Comestibles
 c - 7 bread rations
 f - 14 meat rations
 M - 6 chunks of flesh


   Skills:
 * Level 7.7 Fighting
 + Level 7.3(7.9) Short Blades
 + Level 4.2(6.3) Long Blades
 * Level 9.2 Armour
 * Level 6.6 Dodging
 + Level 0.8 Stealth
 * Level 8.0 Shields


You had 10 spell levels left.
You didn't know any spells.

Dungeon Overview and Level Annotations

Branches:
Dungeon (12/15)            Temple (0/1) D:4            Lair (0/6) D:11
    Orc (0/2) D:12

Altars:
Dithmenos
Elyvilon
Fedhas
Kikubaaqudgha
Okawaru
Qazlal
Sif Muna
Vehumet
Xom
The Shining One

Shops:
D:6 ?   D:9 ??:   D:11 }*(!


Innate Abilities, Weirdness & Mutations

You have sharp toenails.
You are completely covered in yellow scales. (AC +4, rCorr)
Your flesh is heat resistant. (rF+)
You regenerate a little health from kills.
You are immune to clouds of flame.


Message History

The very large slime creature hits you!!!
Ouch! That really hurt!
* * * LOW HITPOINT WARNING * * *
You hear a screech!
A red film seems to cover your vision as you go berserk!
You feel yourself moving faster!
You feel mighty!
You are feeling very hungry.
You block the very large slime creature's attack.
A hippogriff comes into view.
You barely miss the very large slime creature.
The very large slime creature is moderately wounded.
You block the very large slime creature's attack.
A slime creature comes into view.
The slime creature quivers.
You puncture the very large slime creature!
The very large slime creature is moderately wounded.
You puncture the very large slime creature!
The very large slime creature is heavily wounded.
The very large slime creature hits you!!
You die...

###
###J####.##
.%...HJ@..#
########
##...###.##
#......# #..
#.#####.####.#
.# #
#.........##.#
##.#
#######.#<##.#
...# #.#.##.#
##.# #.#.##.#
..#### ##+##
#......#
.....# ##...##
###.####


You could see a very large slime creature, a slime creature and a hippogriff.

Vanquished Creatures
  A hydra (D:12)
  2 two-headed ogres
  A tengu warrior (D:10)
  An unseen horror (D:10)
  Pikel (D:6)
  A centaur zombie (D:12)
  A gargoyle (D:12)
  A komodo dragon (D:11)
  2 trolls
  3 hippogriffs
  A wyvern (D:10)
  8 yaks
  Eustachio (D:6)
  2 hungry ghosts
  2 steam dragons (D:11)
  The ghost of baljet the Chiller, an amateur MfIE (D:3)
  An acid dragon (D:11)
  Duvessa (D:5)
  2 water moccasins
  3 ice beasts
  An orc warrior (D:9)
  4 sky beasts
  A black bear (D:10)
  An eye of draining (D:9)
  5 ogres
  4 centaurs
  2 big kobolds (D:9)
  2 bullfrogs
  2 elf zombies (Ossuary)
  Dowan (D:5)
  A scorpion (D:10)
  4 killer bees (D:11)
  7 wights
  A vampire bat (D:9)
  2 howler monkeys
  3 crimson imps
  2 human zombies (Ossuary)
  3 jellies
  A quasit (D:6)
  2 bullfrog zombies
  2 orc priests
  5 hounds
  Crazy Yiuf (D:7)
  A gnoll shaman (D:10)
  A bullfrog skeleton (D:4)
  An iguana (D:11)
  7 orc wizards
  5 worker ants
  2 killer bee zombies
  2 hound zombies
  A hound skeleton (D:4)
  4 mummies (Ossuary)
  Robin (D:3)
  A worker ant zombie (D:10)
  10 gnolls
  15 adders
  3 shadow imps
  2 oozes (D:4)
  An adder zombie (Ossuary)
  2 adder skeletons
  5 worms
  3 dart slugs
  8 leopard geckos
  35 orcs
  8 bats
  3 bat skeletons (D:9)
  3 bat zombies (D:9)
  7 giant cockroaches
  13 goblins
  9 hobgoblins
  13 jackals
  10 kobolds
  4 quokkas
  2 ball pythons
  8 frilled lizards
  5 goblin zombies (Ossuary)
  An orc zombie (Ossuary)
  A quokka skeleton (D:5)
  2 quokka zombies
  7 rats
  2 rat zombies
301 creatures vanquished.

Vanquished Creatures (others)
  2 minotaurs (D:1)
  An octopode (D:1)
  Grinder (D:6)
  2 formicids (D:1)
  2 spriggans (D:1)
  A vampire (D:1)
  A human (D:1)
  2 nagas (D:1)
  A slave (D:6)
  An ogre (D:1)
  A hound (D:6)
  An orc priest (D:6)
  2 adders (D:6)
  A leopard gecko (D:6)
  4 orcs
  3 jackals (D:6)
  2 kobolds
  A quokka (D:6)
  A plant (D:11)
  4 tentacles (D:1)
34 creatures vanquished.

Grand Total: 335 creatures vanquished

Notes
Turn   | Place    | Note
-------+----------+-------------------------------------------
     0 | D:1      | troglodite the Demonspawn Berserker began the quest for the Orb.
     0 | D:1      | Reached XP level 1. HP: 18/18 MP: 1/1
     2 | D:1      | Noticed a human
     2 | D:1      | Noticed an octopode
     2 | D:1      | Noticed a formicid
     2 | D:1      | Noticed a vampire
     2 | D:1      | Noticed an ogre
     2 | D:1      | Noticed a formicid
     2 | D:1      | Noticed a kraken
     2 | D:1      | Noticed a minotaur
     2 | D:1      | Noticed a minotaur
     2 | D:1      | Noticed a naga
     2 | D:1      | Noticed a spriggan
     2 | D:1      | Noticed a naga
     2 | D:1      | Noticed a spriggan
     5 | D:1      | Killed an octopode
     8 | D:1      | Killed a formicid
     9 | D:1      | Killed an ogre
    10 | D:1      | Killed a human
    10 | D:1      | Killed a minotaur
    11 | D:1      | Killed a minotaur
    13 | D:1      | Killed a naga
    13 | D:1      | Killed a vampire
    13 | D:1      | Killed a spriggan
    14 | D:1      | Killed a formicid
    15 | D:1      | Killed a spriggan
    16 | D:1      | Killed a naga
   494 | D:1      | Gained mutation: You are partially covered in yellow scales. (AC +2) [demonic ancestry]
   494 | D:1      | Reached XP level 2. HP: 8/24 MP: 2/2
  1099 | D:2      | Reached skill level 2 in Armour
  1140 | D:2      | Gained mutation: You regenerate a little health from kills. [demonic ancestry]
  1140 | D:2      | Reached XP level 3. HP: 29/29 MP: 3/3
  1320 | D:2      | Reached ** piety under Trog
  1688 | D:2      | Gained mutation: Your flesh is heat resistant. (rF+) [demonic ancestry]
  1688 | D:2      | Reached XP level 4. HP: 23/37 MP: 4/4
  1770 | D:2      | Found a shadowy altar of Dithmenos.
  1801 | D:2      | Found a stormy altar of Qazlal.
  2308 | D:3      | Noticed Robin
  2315 | D:3      | Killed Robin
  2373 | D:3      | Reached *** piety under Trog
  2422 | D:3      | Gained mutation: You are mostly covered in yellow scales. (AC +3) [demonic ancestry]
  2422 | D:3      | Reached XP level 5. HP: 42/42 MP: 5/5
  2851 | D:3      | Noticed baljet's ghost (amateur MfIE)
  2864 | D:3      | Killed baljet's ghost
  2864 | D:3      | Reached skill level 3 in Armour
  2864 | D:3      | Gained mutation: You have sharp toenails. [demonic ancestry]
  2864 | D:3      | Reached XP level 6. HP: 48/48 MP: 6/6
  3209 | D:4      | Found a glowing golden altar of the Shining One.
  3280 | D:4      | Found an iron altar of Okawaru.
  3568 | D:4      | Found a staircase to the Ecumenical Temple.
  3740 | D:4      | Reached skill level 4 in Armour
  3779 | D:4      | Found a shimmering altar of Xom.
  3784 | D:4      | Found a white marble altar of Elyvilon.
  3784 | D:4      | Found a radiant altar of Vehumet.
  4011 | D:5      | Entered Level 5 of the Dungeon
  4011 | D:5      | Noticed a sky beast
  4017 | D:5      | Killed a sky beast
  4017 | D:5      | Reached skill level 1 in Short Blades
  4017 | D:5      | Reached XP level 7. HP: 55/55 MP: 7/7
  4108 | D:5      | Noticed Dowan
  4146 | D:5      | Noticed Duvessa
  4160 | D:5      | Killed Dowan
  4171 | D:5      | Killed Duvessa
  4171 | D:5      | Reached skill level 1 in Shields
  4465 | D:5      | Reached skill level 5 in Fighting
  4536 | D:5      | Reached **** piety under Trog
  4994 | D:6      | Noticed Pikel
  5000 | D:6      | Noticed Grinder
  5006 | D:6      | Killed Pikel
  5006 | D:6      | Reached skill level 5 in Armour
  5006 | D:6      | Reached XP level 8. HP: 63/63 MP: 8/8
  5018 | D:6      | Killed Grinder
  5731 | D:6      | Noticed Eustachio
  5745 | D:6      | Killed Eustachio
  5745 | D:6      | Reached skill level 6 in Armour
  5816 | D:6      | Gained mutation: You are immune to clouds of flame. [demonic ancestry]
  5816 | D:6      | Reached XP level 9. HP: 58/69 MP: 9/9
  6073 | D:6      | Found Suana's Magic Scroll Boutique.
  6080 | D:6      | Bought a scroll of fog for 24 gold pieces
  6080 | D:6      | Bought a scroll of identify for 24 gold pieces
  6080 | D:6      | Bought a scroll of remove curse for 36 gold pieces
  6611 | D:7      | Found a sand-covered staircase.
  6620 | Ossuary  | Entered an ossuary
  6714 | Ossuary  | Reached ***** piety under Trog
  7685 | D:7      | Found a runed door.
  7690 | D:7      | Noticed Crazy Yiuf
  7696 | D:7      | Killed Crazy Yiuf
  7813 | D:8      | Found a blossoming altar of Fedhas.
  7849 | D:8      | Reached skill level 5 in Dodging
  8163 | D:8      | Reached skill level 7 in Armour
  8805 | D:8      | Found a deep blue altar of Sif Muna.
  9086 | D:9      | Found Qionail's Magic Scroll Boutique.
  9133 | D:9      | Found Quloulur's Book Shoppe.
  9229 | D:9      | Reached skill level 5 in Short Blades
  9268 | D:9      | Gained mutation: You are completely covered in yellow scales. (AC +4, rCorr) [demonic ancestry]
  9268 | D:9      | Reached XP level 10. HP: 77/77 MP: 10/10
  9566 | D:9      | Reached skill level 5 in Shields
  9588 | D:9      | Found an ancient bone altar of Kikubaaqudgha.
  9710 | D:9      | Noticed a two-headed ogre
  9719 | D:9      | Killed a two-headed ogre
  9823 | D:9      | Reached skill level 8 in Armour
 10023 | D:9      | Found Animinti's Magic Scroll Emporium.
 10069 | D:10     | Entered Level 10 of the Dungeon
 10705 | D:10     | Noticed a tengu warrior
 10725 | D:10     | Killed a tengu warrior
 10725 | D:10     | Received a gift from Trog
 10966 | D:10     | Noticed an unseen horror
 11005 | D:10     | Killed an unseen horror
 11005 | D:10     | Reached XP level 11. HP: 84/84 MP: 3/11
 11081 | D:10     | Noticed a two-headed ogre
 11093 | D:10     | Killed a two-headed ogre
 11329 | D:10     | Noticed a sea snake
 11723 | D:11     | Found Ugeteq's Gadget Shop.
 11748 | D:11     | Found Ziegiff's General Store.
 11754 | D:11     | Bought a potion of heal wounds for 75 gold pieces
 11822 | D:11     | Found a staircase to the Lair.
 11858 | D:11     | Reached skill level 9 in Armour
 12217 | D:11     | Found Puriuwi's Distillery.
 12241 | D:11     | Found Vabrim's Weapon Shop.
 12272 | D:11     | Found Sipearph's Distillery.
 12685 | D:12     | Noticed a five-headed hydra
 12699 | D:12     | Killed a five-headed hydra
 12827 | D:12     | Found a staircase to the Orcish Mines.
 13094 | D:12     | Slain by a very large slime creature

Skill      XL: |  1  2  3  4  5  6  7  8  9 10 11 |
---------------+----------------------------------+-----
Long Blades    | 3 4 |  4.2
Dodging        | 2 3 4 5 6 |  6.6
Armour         | 2 3 4 5 6 7 8 9 |  9.2
Fighting       | 4 5 6 7 |  7.7
Short Blades   | 1 2 3 5 6 7 |  7.3
Shields        | 2 3 4 6 8 |  8.0
Stealth        | |  0.8

Action                   |  1- 3 |  4- 6 |  7- 9 | 10-12 || total
-------------------------+-------+-------+-------+-------++-------
Melee: Falchion          |   110 |    77 |       |       ||   187
       Dagger            |       |   184 |   802 |       ||   986
       Kick              |       |     3 |       |       ||     3
       Short sword       |       |       |    50 |   331 ||   381
       Rapier            |       |       |       |   280 ||   280
Invok: Berserk           |     2 |     2 |    15 |    11 ||    30
       Burn Spellbooks   |       |       |     2 |       ||     2
  Use: Scroll            |       |       |    17 |       ||    17
  Eat: Chunk             |     4 |    10 |    18 |    23 ||    55
       Royal jelly       |       |       |     2 |     1 ||     3
       Bread ration      |       |       |     2 |     1 ||     3
Armor: Animal skin       |    19 |       |       |       ||    19
       Ring mail         |    25 |    87 |    27 |       ||   139
       Plate armour      |       |       |   575 |   357 ||   932
Dodge: Dodged            |   114 |   129 |   337 |   138 ||   718
Block: Buckler           |       |     2 |   193 |       ||   195
       Shield            |       |       |    53 |   345 ||   398
       Rpst.: Falchion   |    36 |    16 |       |       ||    52
